 Dungeon Crawl Stone Soup version 0.31-a0-889-g1a8549509d (webtiles) character file.

Game seed: 16100121914179581643

744 Scypho the Carver (level 7, -1/57 HPs)
             Began as a Minotaur Fighter on Oct 16, 2023.
             Was an Initiate of Makhleb.
             Succumbed to an orc's poison
             ... on level 6 of the Dungeon.
             The game lasted 00:20:18 (4109 turns).

Scypho the Carver (Minotaur Fighter)                Turns: 4109, Time: 00:20:18

Health: -1/57      AC: 10    Str: 21    XL:     7   Next: 47%
Magic:  9/9        EV:  9    Int:  5    God:    Makhleb [......]
Gold:   237        SH:  5    Dex: 17    Spells: 6/6 levels left

rFire   . . .        a - +0 long sword
rCold   . . .        c - +0 buckler
rNeg    . . .        b - +0 scale mail
rPois   .            (helmet unavailable)
rElec   .            s - +1 cloak
rCorr   .            (no gloves)
SInv    .            g - +0 pair of boots
Will    .....        (no amulet) Stlth
                     n - +6 ring of dexterity
HPRegen 0.29/turn    (no ring)
MPRegen 0.11/turn

%: no passive effects
@: lethally poisoned (-1 -> -14), weak-willed
A: horns 3, retaliatory headbutt, MP-powered wands
a: Renounce Religion


You were on level 6 of the Dungeon.
You worshipped Makhleb.
Makhleb was noncommittal.
You visited 1 branch of the dungeon, and saw 6 of its levels.

You collected 309 gold pieces.
You spent 72 gold pieces at shops.

Inventory:

Hand Weapons
 a - a +0 long sword (weapon)
Missiles
 t - 2 boomerangs
Armour
 b - a +0 scale mail (worn)
 c - a +0 buckler (worn)
 g - a +0 pair of boots (worn)
 s - a +1 cloak (worn)
Jewellery
 n - a +6 ring of dexterity (left hand)
Scrolls
 i - a scroll of identify
 j - a scroll of poison
 m - 2 scrolls of enchant armour


   Skills:
 - Level 3.6 Fighting
 + Level 8.6 Long Blades
 - Level 3.6 Armour
 - Level 3.6 Shields
 + Level 4.4 Invocations


You had 6 spell levels left.
You didn't know any spells.
Your spell library contained the following spells:

 Spells                   Type           Power      Damage    Failure   Level
 Magic Dart               Conj           0%         1d3       87%         1
 Blink                    Tloc           0%         N/A       95%         2
 Searing Ray              Conj           0%         2d4       95%         2
 Tukima's Dance           Hex            0%         N/A       99%         3
 Dimensional Bullseye     Hex/Tloc       0%         N/A       100%        4
 Fulminant Prism          Conj/Hex       0%         3d5       100%        4
 Iskenderun's Mystic Bla  Conj/Tloc      0%         2d3       100%        4
 Manifold Assault         Tloc           0%         N/A       100%        4


Dungeon Overview and Level Annotations

Branches:
Dungeon (6/15)             Temple (0/1) D:6

Altars:
Makhleb
Vehumet
Xom

Shops:
D:4 ?   D:5 [

Annotations:
D:4 3 runed translucent doors, Kurtz's ghost, amateur NaDe
D:6 Jeremiah


Innate Abilities, Weirdness & Mutations

You have a pair of large horns on your head.
You reflexively headbutt those who attack you in melee.
You expend magic power (3 MP) to strengthen your wands.


Message History

It was a scroll of blinking.
You feel sick. You block the orc's attack.
The orc hits you but does no damage. x4
The bullfrog hits you but does no damage.
You slash the orc!
You kill the orc!
Makhleb accepts your kill.
You feel sick.
The bullfrog hits you but does no damage.
The orc hits you but does no damage.
You are more poisoned.
The orc hits you but does no damage. x3
The bullfrog hits you but does no damage.
You slash the orc!
You kill the orc!
Makhleb accepts your kill.
You feel very sick.
The bullfrog hits you but does no damage.
The orc hits you but does no damage. x2; The orc hits you with a +0 club.
* * * LOW HITPOINT WARNING * * *
As you read the scroll labelled TEWAMO QUHUCEU, it crumbles to dust.
Magic quickly surges around you.
It was a scroll of vulnerability.
* * * LOW HITPOINT WARNING * * *
You feel sick.
The bullfrog hits you but does no damage.
The orc hits you but does no damage.
You are lethally poisoned!
The orc hits you but does no damage. The orc hits you with a +0 club.
* * * LOW HITPOINT WARNING * * *
You hit the bullfrog.
* * * LOW HITPOINT WARNING * * *
You feel very sick.
The bullfrog hits you but does no damage.
The orc hits you but does no damage. You block the bullfrog's attack.
The orc hits you but does no damage. x2
You closely miss the bullfrog.
You feel less wooden.
Your +1 cloak unmelds from your body.
Your +0 pair of boots unmelds from your body.
Your +0 scale mail unmelds from your body.
You die...

,,,,,,,,,,,,,,,........### #.#
,********######§.§#.###.#######.#
,,,,,,,,,...###§#☼..###......^..#
,,*******##.###§§§#.###.#########
,,*** ##.####§###..<## ,,,,*
##.####§####.## ,,*,*
##.####§####.## ,,*,****
##.##§o)☼§##.##
,,,,,,,**##.##☼☼@o§##..#
*,*,,,,,,§☼§§§§F)o§###.#
,,,,,,,,,##§##§§§§§###<#
*,*****,,##.##☼§☼§§###.#
*,,,,,,,,.).##########.#
*******,,#####.........#
*,,#####.#########
*,,...5[.#########
*******,********


You could see a bullfrog (weak-willed) and 3 orcs.

Vanquished Creatures
  A water moccasin (D:5)
  An ice beast (D:5)
  A centaur (D:5)
  A bullfrog (D:6)
  A crimson imp (D:4)
  A jelly (D:6)
  2 orc priests
  An iguana (D:6)
  3 orc wizards
  4 adders
  8 ufetubi
  2 worms
  A dart slug (D:2)
  10 orcs
  6 ball pythons
  6 bats
  8 endoplasms
  2 giant cockroaches (D:1)
  9 goblins
  9 hobgoblins
  7 kobolds
  5 quokkas
  4 frilled lizards
  2 rats
95 creatures vanquished.

Notes
Turn   | Place    | Note
-------+----------+-------------------------------------------
     0 | D:1      | Scypho the Minotaur Fighter began the quest for the Orb.
     0 | D:1      | Reached XP level 1. HP: 19/19 MP: 0/0
    89 | D:1      | Reached skill level 3 in Long Blades
   129 | D:1      | Reached XP level 2. HP: 25/26 MP: 1/1
   370 | D:1      | Reached skill level 4 in Long Blades
   615 | D:1      | Reached XP level 3. HP: 31/31 MP: 2/2
   642 | D:1      | You fall into a shaft and drop 1 floor!
  1113 | D:1      | Gained mutation: You have a pair of large horns on your
                  | head. [potion of mutation]
  1113 | D:1      | Gained mutation: You expend magic power (3 MP) to
                  | strengthen your wands. [potion of mutation]
  1210 | D:2      | Reached skill level 5 in Long Blades
  1531 | D:2      | Reached XP level 4. HP: 39/39 MP: 3/3
  2077 | D:3      | Reached skill level 6 in Long Blades
  2398 | D:4      | Found Wifir's Magic Scroll Boutique.
  2410 | D:4      | Bought 3 scrolls of identify for 72 gold pieces
  2439 | D:4      | Found a runed translucent gate.
  2439 | D:4      | Found a runed translucent gate.
  2439 | D:4      | Found a runed translucent gate.
  2439 | D:4      | Noticed Kurtz's ghost (amateur NaDe)
  2514 | D:4      | Found a shimmering altar of Xom.
  2514 | D:4      | Found a burning altar of Makhleb.
  2527 | D:4      | Reached XP level 5. HP: 45/45 MP: 4/4
  2572 | D:4      | Became a worshipper of Makhleb the Destroyer
  2974 | D:5      | Entered Level 5 of the Dungeon
  3073 | D:5      | Reached skill level 1 in Invocations
  3108 | D:5      | Reached skill level 7 in Long Blades
  3159 | D:5      | Noticed an ice beast
  3196 | D:5      | Killed an ice beast
  3197 | D:5      | Reached XP level 6. HP: 48/51 MP: 6/6
  3287 | D:5      | Found a radiant altar of Vehumet.
  3352 | D:5      | Noticed a water moccasin
  3359 | D:5      | Killed a water moccasin
  3404 | D:5      | Reached skill level 8 in Long Blades
  3404 | D:5      | Reached XP level 7. HP: 54/57 MP: 8/8
  3493 | D:5      | Found Wuokhloa's Armour Emporium.
  4085 | D:6      | Noticed Jeremiah
  4108 | D:6      | HP: 2/85 [poisoned by an orc]
  4109 | D:6      | Succumbed to an orc's poison

Illustrated notes

Levels and vault maps discovered:
D:1:      giann_wishing_wells, layout_loops_corners
D:2:      layout_loops_cross
D:3:      layout_loops_ring, dreamdust_wishing_well
D:4:      layout_basic, grunt_temple_overflow_champion_of_chaos,
          ebering_ghost_rock_garden, serial_shops, nicolae_shop_window_shopping,
          amcnicky_mini_pool_small
D:5:      layout_basic, vehumet_altar_wand_db, serial_shops,
          nicolae_lakefront_shop
D:6:      layout_loops_ring, old_standard_altar,
          minmay_temple_entry_sparse_star, uniq_jeremiah

Skill      XL: |  1  2  3  4  5  6  7 |
---------------+----------------------+-----
Long Blades    | 3 4 5 6 7 8 |  8.6
Invocations    | 2 3 4 |  4.4
Fighting       | |  3.6
Armour         | |  3.6
Shields        | |  3.6

Action                     |  1- 3 |  4- 6 |  7- 9 || total
---------------------------+-------+-------+-------++-------
  Melee: Long sword        |   106 |    95 |    37 ||   238
         Headbutt          |    13 |    16 |     5 ||    34
    Use: Scroll            |     1 |     2 |     8 ||    11
         Potion            |     1 |     5 |     1 ||     7
 Armour: Scale mail        |    56 |    59 |    24 ||   139
         Skin              |       |     4 |    84 ||    88
  Dodge: Dodged            |    41 |    46 |    24 ||   111
  Block: Buckler           |    23 |    30 |    27 ||    80

Table legend: (Time is in decaauts)
 A = Elapsed time spent in this place.
 B = Non-inter-level travel time spent in this place.
 C = Inter-level travel time spent in this place.
 D = Time resting spent in this place.
 E = Time spent auto-exploring this place.
 F = Levels seen in this place.
 G = Mean time per level.
                   A        B        C        D        E       F      G
               +--------+--------+--------+--------+--------+-----+--------+
         Total |   4141 |   4009 |    132 |    156 |   2947 |   6 |  690.2 |
       Dungeon |   4141 |   4009 |    132 |    156 |   2947 |   6 |  690.2 |
               +--------+--------+--------+--------+--------+-----+--------+

Top non-repeatable levels by time:
     D:1: 1052 daAuts
     D:5: 949 daAuts
     D:3: 744 daAuts
     D:4: 637 daAuts
     D:2: 570 daAuts
     D:6: 187 daAuts
